 Dungeon Crawl Stone Soup version 0.29.0-13-gc9e81de378 (webtiles) character file.

Game seed: 12977961120088245165

41 SnakkuSnakku7 the Trooper (level 3, -1/30 HPs)
             Began as a Barachi Warper on Sept 9, 2022.
             Slain by Jessica
             ... wielding a +3 dagger of electrocution
              (4 damage)
             ... on level 2 of the Dungeon.
             The game lasted 00:01:13 (2039 turns).

SnakkuSnakku7 the Trooper (Barachi Warper)          Turns: 2039, Time: 00:01:14

Health: -1/30      AC:  3    Str: 14    XL:     3   Next: 52%
Magic:  6/6        EV: 11    Int: 13    God:
Gold:   186        SH:  0    Dex: 11    Spells: 6/6 levels left

rFire   . . .      SeeInvis .   a - +0 mace
rCold   . . .      Faith    .   (no shield)
rNeg    . . .      Spirit   .   b - +0 leather armour
rPois   .          Reflect  .   (no helmet)
rElec   .          Harm     .   (no cloak)
rCorr   .          Rampage  .   (no gloves)
Will    .....                   (no boots)
Stlth   +.........              (no amulet)
HPRegen 0.10/turn               (no ring)
MPRegen 0.10/turn               (no ring)

@: slow
A: amphibious, slowness 1, strong legs 1, +LOS
a: Hop


You were on level 2 of the Dungeon.
You visited 1 branch of the dungeon, and saw 2 of its levels.

You collected 186 gold pieces.

Inventory:

Hand Weapons
 a - a +0 mace (weapon)
Missiles
 d - 7 boomerangs of dispersal (quivered)
Armour
 b - a +0 leather armour (worn)
Scrolls
 c - a scroll of blinking
 e - 2 scrolls of poison {unknown}
 f - a scroll of acquirement {unknown}
 g - 2 scrolls of enchant armour {unknown}
 i - 5 scrolls of fear {unknown}
 k - a scroll of amnesia {unknown}
 o - a scroll of identify {unknown}
 p - a scroll of teleportation {unknown}
 q - 3 scrolls of vulnerability {unknown}
Potions
 h - a potion of lignification {unknown}
 j - a potion of brilliance {unknown}
 m - a potion of invisibility {unknown}
 n - a potion of haste {unknown}
 r - a potion of mutation {unknown}


   Skills:
 + Level 3.6 Fighting
 + Level 3.3 Maces & Flails
 - Level 1.0 Throwing
 - Level 1.2 Armour
 - Level 2.1 Dodging
 - Level 2.1 Spellcasting
 - Level 3.2 Translocations


You had 6 spell levels left.
You didn't know any spells.
Your spell library contained the following spells:

 Spells                   Type           Power      Damage    Failure   Level
 Blink                    Tloc           18%        N/A       12%         2
 Gell's Gravitas          Tloc           9%         N/A       24%         3
 Lesser Beckoning         Tloc           9%         N/A       24%         3
 Teleport Other           Tloc           9%         N/A       24%         3
 Freeze                   Ice            4%         1d3       30%         1
 Frozen Ramparts          Ice            2%         1d1       67%         3
 Stone Arrow              Conj/Erth      2%         3d7       67%         3
 Manifold Assault         Tloc           9%         N/A       91%         5
 Animate Armour           Summ/Erth      2%         N/A       97%         4
 Hailstorm                Conj/Ice       1%         3d3       97%         4
 Lehudib's Crystal Spear  Conj/Erth      0%         10d2      100%        8


Dungeon Overview and Level Annotations

Branches:
Dungeon (2/15)

Altars:

Annotations:
D:2 Jessica


Innate Abilities, Weirdness & Mutations

You are amphibious.
You cover ground slowly.
You can hop short distances.
You have an extended range of vision and can be seen from far away.


Message History

You barely miss the hobgoblin. The hobgoblin hits you.
You closely miss the hobgoblin. The hobgoblin barely misses you.
You closely miss the hobgoblin. The hobgoblin hits you.
You closely miss the hobgoblin. The hobgoblin misses you.
You hit the hobgoblin but do no damage. The hobgoblin hits you. x2
You hit the hobgoblin.
The hobgoblin is moderately wounded.
The hobgoblin hits you.
You hit the hobgoblin.
You kill the hobgoblin!
Things that are here:
a +0 whip; a kobold skeleton
g - 2 scrolls labelled BEURIUX MALA (gained 1) Key pressed, stopping explore.
Jessica the Apprentice Sorceress comes into view.
She is wielding a +3 dagger of electrocution.
Jessica shouts!
Jessica gestures wildly while chanting.
Jessica seems to speed up.
Jessica is nearby!
Jessica drinks a potion.
Jessica suddenly seems more resistant.
Jessica gestures wildly while chanting.
Jessica blinks!
Throw: throwing net
Press: ? - help, Shift-Dir - straight line, f - Jessica
Aim: Jessica, wielding a +3 dagger of electrocution and wearing a +0 robe (fast, unusually resistant, 56% to hit)
You throw a throwing net. The throwing net hits Jessica.
Jessica is caught in the net!
Jessica struggles against the net. x2
Jessica struggles against the net.
The net rips apart, and Jessica comes free!
Jessica hits you with a +3 dagger of electrocution.
You hit Jessica but do no damage. Jessica closely misses you.
Jessica hits you with a +3 dagger of electrocution.
You are electrocuted!!
Ouch! That really hurt!
* * * LOW HITPOINT WARNING * * *
You hit Jessica.
Jessica is moderately wounded.
Jessica hits you with a +3 dagger of electrocution.
You die...

################
........@@.....#
...?##########.# ## #.#
.######.#############.#
........#.......#.....#
..#######.#####.#.#####
....#...#.# #.#.#
..#...#.#.# #.#.#
..#.#'#...# #.#.#


You could see Jessica (fast, resistant).

Vanquished Creatures
  An adder (D:2)
  2 dart slugs (D:2)
  4 ball pythons
  4 endoplasms
  3 hobgoblins
  A kobold (D:2)
  2 bats
  A frilled lizard (D:2)
  4 goblins
  5 rats (D:2)
27 creatures vanquished.

Notes
Turn   | Place    | Note
-------+----------+-------------------------------------------
     0 | D:1      | SnakkuSnakku7 the Barachi Warper began the quest for the
                  | Orb.
     0 | D:1      | Reached XP level 1. HP: 17/17 MP: 3/3
   418 | D:1      | Reached XP level 2. HP: 23/23 MP: 5/5
  1257 | D:2      | Reached XP level 3. HP: 10/29 MP: 6/6
  2031 | D:2      | Noticed Jessica
  2039 | D:2      | Slain by Jessica

Illustrated notes

Levels and vault maps discovered:
D:1:      lightli_arrival_lavapool, layout_basic, nrook_mini_vaults
D:2:      layout_basic, uniq_jessica

Skill      XL: |  1  2 |
---------------+-------+-----
Fighting       | 3 |  3.6
Maces & Flails | 3 |  3.3
Throwing       | |  1.0
Armour         | |  1.2
Dodging        | |  2.1
Spellcasting   | |  2.1
Translocations | |  3.2

Action                   || total
-------------------------++-------
Melee: Mace              ||    83
Throw: Throwing net      ||     1
Armor: Leather armour    ||    19
Dodge: Dodged            ||    58
